 Dungeon Crawl Stone Soup version 0.29.1-13-g9f3cf754e1 (webtiles) character file.

Game seed: 1062080531738854151

767 Exodus22XD the Poker (level 7, -17/52 HPs)
             Began as a Demonspawn Gladiator on Feb 3, 2023.
             Demolished by an ogre
             ... wielding a +0 giant club
              (24 damage)
             ... on level 6 of the Dungeon.
             The game lasted 00:05:32 (5487 turns).

Exodus22XD the Poker (Demonspawn Gladiator)         Turns: 5487, Time: 00:05:33

Health: -17/52     AC:  9    Str: 16    XL:     7   Next: 52%
Magic:  7/7        EV: 11    Int:  9    God:
Gold:   285        SH:  0    Dex: 15    Spells: 6/6 levels left

rFire   + . .      SeeInvis .   a - +0 trident
rCold   + . .      Faith    .   (no shield)
rNeg    + . .      Spirit   .   A - +0 scale mail
rPois   .          Reflect  .   c - +0 helmet
rElec   .          Harm     .   k - scarf {rC+ rF+}
rCorr   .          Rampage  .   y - +0 pair of gloves
Will    .....                   (no boots)
Stlth   ..........              (no amulet)
HPRegen 0.17/turn               B - ring of positive energy
MPRegen 0.10/turn               (no ring)

@: no status effects
A: ignite blood 1
a: no special abilities


You were on level 6 of the Dungeon.
You visited 1 branch of the dungeon, and saw 7 of its levels.

You collected 285 gold pieces.

Inventory:

Hand Weapons
 a - a +0 trident (weapon)
Missiles
 d - 3 throwing nets (quivered)
 e - 7 javelins
Armour
 c - a +0 helmet (worn)
 k - a scarf of resistance (worn)
 y - a +0 pair of gloves (worn)
 A - a +0 scale mail (worn)
 D - a +1 cloak
 E - a +1 plate armour of cold resistance
Jewellery
 q - a +6 ring of intelligence
 B - a ring of positive energy (left hand)
Wands
 i - a wand of flame (21)
Scrolls
 f - a scroll of vulnerability {unknown}
 g - a scroll of fear {unknown}
 j - a scroll of amnesia {unknown}
 l - 2 scrolls of brand weapon {unknown}
 m - 2 scrolls of noise {unknown}
 n - 2 scrolls of magic mapping {unknown}
 r - 3 scrolls of immolation {unknown}
 s - 3 scrolls of identify {unknown}
 v - 2 scrolls of poison {unknown}
 w - 2 scrolls of teleportation {unknown}
 x - a scroll of silence {unknown}
 C - 2 scrolls of enchant weapon {unknown}
Potions
 b - 2 potions of attraction {unknown}
 h - a potion of berserk rage {unknown}
 o - a potion of lignification {unknown}
 p - 2 potions of degeneration {unknown}
 t - a potion of heal wounds {unknown}
 u - 2 potions of curing {unknown}
 z - a potion of mutation {unknown}
 F - a potion of ambrosia {unknown}


   Skills:
 + Level 3.3 Fighting
 + Level 5.7 Polearms
 - Level 1.7 Throwing
 * Level 4.2 Armour
 + Level 3.6 Dodging
 + Level 0.3 Stealth


You had 6 spell levels left.
You didn't know any spells.
Your spell library was empty.

Dungeon Overview and Level Annotations

Branches:
Dungeon (7/15)
 Temple: D:4-7

Altars:
Hepliaklqana
Makhleb
Yredelemnul

Annotations:
D:6 Edmund


Innate Abilities, Weirdness & Mutations

Your demonic aura sometimes causes spilled blood to erupt in flames.


Message History

You can't go up here!
The orc hits you with a +0 mace!
* * * LOW HITPOINT WARNING * * *
The orc warrior closely misses you.
You climb downwards.
There is a stone staircase leading up here.
You barely miss the orc. The orc hits you with a +0 mace.
* * * LOW HITPOINT WARNING * * *
You hit the orc.
The orc is moderately wounded.
The orc is engulfed in blazing flames.
You kill the orc!
You see here a +0 mace.
Key pressed, stopping explore.
Unknown command.
HP restored.
Found a stone staircase leading up.
No target in view!
You now have 285 gold pieces (gained 7).
There is a stone staircase leading up here.
You climb upwards.
Level annotation: Edmund The ogre shouts!
The ogre hits you with a +0 giant club!!
There is a stone staircase leading down, spattered with blood here.
You puncture the ogre!
The ogre is moderately wounded.
You closely miss the ogre. Your punch misses the ogre.
The ogre is moderately wounded.
The ogre closely misses you.
You hit the ogre.
The ogre is heavily wounded.
The ogre hits you with a +0 giant club!!
* * * LOW HITPOINT WARNING * * *
You hit the ogre.
The ogre is severely wounded.
You barely miss the ogre.
The ogre is severely wounded.
The ogre hits you with a +0 giant club!!
You die...

## .# .#
.# g .# .#
..@.###.
.#
.g.g...<
.#
..######
##.#####.
#........
#@.#
#....O.#
#...###.##
## #.# #.#
#.# ...
###


You could see an ogre.

Vanquished Creatures
  An ice beast (D:5)
  An ogre (D:5)
  A phantom (D:5)
  A bullfrog (D:6)
  2 hounds (D:5)
  A gnoll bouda (D:5)
  Jessica (D:2)
  3 iguanas
  2 orc wizards
  6 gnolls
  4 adders
  A shadow imp (D:4)
  3 worms
  3 dart slugs
  9 orcs
  9 endoplasms
  5 giant cockroaches
  7 goblins
  6 hobgoblins
  5 jackals (D:1)
  10 kobolds
  A quokka (D:4)
  4 ball pythons
  7 bats
  A frilled lizard (D:2)
  6 rats
100 creatures vanquished.

Notes
Turn   | Place    | Note
-------+----------+-------------------------------------------
     0 | D:1      | Exodus22XD the Demonspawn Gladiator began the quest for the
                  | Orb.
     0 | D:1      | Reached XP level 1. HP: 16/16 MP: 1/1
     1 | D:1      | Found a runed translucent door.
   476 | D:1      | Gained mutation: Your demonic aura sometimes causes spilled
                  | blood to erupt in flames. [demonic ancestry]
   476 | D:1      | Reached XP level 2. HP: 22/22 MP: 2/2
   483 | D:1      | Reached skill level 3 in Polearms
   897 | D:1      | Reached XP level 3. HP: 11/27 MP: 3/3
  1171 | D:2      | Noticed Jessica
  1179 | D:2      | Killed Jessica
  1180 | D:2      | Reached skill level 1 in Armour
  1207 | D:2      | Reached XP level 4. HP: 33/33 MP: 4/4
  2207 | D:3      | Found a basalt altar of Yredelemnul.
  2768 | D:3      | Found a faded altar of an unknown god.
  3128 | D:4      | Reached XP level 5. HP: 39/39 MP: 5/5
  3223 | D:4      | Reached skill level 4 in Polearms
  3821 | D:5      | Entered Level 5 of the Dungeon
  3930 | D:5      | Noticed an ice beast
  3931 | D:5      | Reached XP level 6. HP: 31/46 MP: 6/6
  3947 | D:5      | Killed an ice beast
  3948 | D:5      | Reached skill level 5 in Polearms
  3948 | D:5      | HP: 2/46 [orc/+0 club (1)]
  4343 | D:6      | Noticed Edmund
  4355 | D:5      | Reached XP level 7. HP: 20/52 MP: 7/7
  4932 | D:5      | Found a hazy altar of Hepliaklqana.
  5024 | D:5      | Found a burning altar of Makhleb.
  5487 | D:6      | Demolished by an ogre

Illustrated notes

Levels and vault maps discovered:
D:1:      dpeg_arrival_caged_fury, layout_loops_ring
D:2:      layout_loops_corners, uniq_jessica
D:3:      layout_loops_ring, mainiacjoe_overflow_six_doors_small,
          hellmonk_ecumenical_altar_heavens_door, solitary_fountain,
          minmay_box_of_dots
D:4:      layout_basic
D:5:      layout_rooms, worldfamousw_hep_ancestral_shrine, lemuel_round_altar,
          serial_park_tiny_1
D:6:      layout_loops_ring, hangedman_ru_absence, minmay_temple_entry_slanted,
          gammafunk_ghost_arena, uniq_crazy_yiuf_cottage, uniq_edmund
D:7:      layout_loops_ring, kennysheep_okawaru_gauntlet, xom_butterflies,
          eino_tiny_chamber, nicolae_shop_vocational

Skill      XL: |  1  2  3  4  5  6  7 |
---------------+----------------------+-----
Polearms       | 3 4 5 |  5.7
Dodging        | 3 |  3.6
Armour         | 1 2 3 4 |  4.2
Fighting       | 3 |  3.3
Throwing       | |  1.7
Stealth        | |  0.3

Action                   |  1- 3 |  4- 6 |  7- 9 || total
-------------------------+-------+-------+-------++-------
Melee: Trident           |   108 |   206 |    72 ||   386
       Punch             |       |       |     1 ||     1
Armor: Leather armour    |     3 |       |       ||     3
       Ring mail         |    33 |    32 |       ||    65
       Scale mail        |       |    37 |    24 ||    61
Dodge: Dodged            |    54 |   112 |    27 ||   193
